 Dungeon Crawl Stone Soup version 0.24.0-13-gcf9b319 (webtiles) character file.

Game seed: 12112941260982288363, levelgen mode: deterministic

144 A7mans1 the Skirmisher (level 5, -1/42 HPs)
             Began as a Demonspawn Fighter on Dec 30, 2019.
             Was a Follower of Trog.
             Slain by a gnoll
             ... wielding a +0 spear
              (6 damage)
             ... on level 3 of the Dungeon.
             The game lasted 00:05:54 (1337 turns).

A7mans1 the Skirmisher (Demonspawn Fighter)         Turns: 1337, Time: 00:05:54

Health: -1/42      AC:  9    Str: 17    XL:     5   Next: 5%
Magic:  5/5        EV:  7    Int:  9    God:    Trog [*.....]
Gold:   163        SH: 13    Dex: 13    Spells: 4/4 levels left

rFire    + . .     SeeInvis .   a - +0 long sword
rCold    x . .     Gourm    .   c - +0 shield
rNeg     . . .     Faith    .   b - +2 scale mail
rPois    .         Spirit   .   (helmet restricted)
rElec    .         Reflect  .   (no cloak)
rCorr    +         Harm     .   (no gloves)
MR       .....                  l - +0 pair of boots
Stlth    ..........             (no amulet)
HPRegen  0.14/turn              e - ring of fire
MPRegen  0.09/turn              k - ring of resist corrosion

@: berserk cooldown, slowed, very slow
A: antennae 1, large bone plates 1, spiny 1
a: Berserk, Renounce Religion


You were on level 3 of the Dungeon.
You worshipped Trog.
Trog was aware of your devotion.
You were not hungry.

You visited 1 branch of the dungeon, and saw 3 of its levels.

You collected 163 gold pieces.

Inventory:

Hand Weapons
 a - a +0 long sword (weapon)
Armour
 b - a +2 scale mail (worn)
 c - a +0 shield (worn)
 l - a +0 pair of boots (worn)
Jewellery
 e - a ring of fire (left hand)
 k - a ring of resist corrosion (right hand)
Scrolls
 m - a scroll of immolation
Potions
 d - a potion of might
 g - a potion of resistance {unknown}
 h - a potion of brilliance
 i - 2 potions of lignification
 j - a potion of magic {unknown}
Comestibles
 f - 2 rations


   Skills:
 + Level 4.0 Fighting
 + Level 3.3 Long Blades
 + Level 3.1 Armour
 + Level 0.3 Dodging
 + Level 3.1 Shields


You had 4 spell levels left.
You didn't know any spells.
Your spell library contained the following spells:

 Spells                   Type           Power        Failure   Level  Hunger
 Magic Dart               Conj           #...         99%         1    ##.....
 Blink                    Tloc           N/A          100%        2    ###....
 Call Imp                 Summ           #.......     100%        2    ###....
 Slow                     Hex            #.......     100%        2    ###....
 Conjure Flame            Conj/Fire      #.......     100%        3    ####...
 Mephitic Cloud           Conj/Pois/Air  #.......     100%        3    ####...


Dungeon Overview and Level Annotations

Branches:
Dungeon (3/15)

Altars:
Trog


Innate Abilities, Weirdness & Mutations

You have a pair of small antennae on your head.
You are partially covered in large bone plates. (SH +4)
You are partially covered in sharp spines.


Message History

You kill the gnoll!
Trog accepts your kill.
Your Fighting skill increases to level 4!
You have reached level 5!
Your demonic ancestry asserts itself...
Sharp spines emerge from parts of your body.
The gnoll is struck by your spines. The gnoll hits you but does no damage.
Your shield and scale mail prevent you from hitting the gnoll.
The gnoll is lightly wounded.
You are no longer berserk.
You are exhausted.
You feel yourself slow down. You block the gnoll's attack.
You closely miss the gnoll.
The gnoll is lightly wounded.
The gnoll is struck by your spines. The gnoll completely misses you.
The gnoll is struck by your spines. The gnoll hits you but does no damage.
You closely miss the gnoll.
The gnoll is heavily wounded.
You block the gnoll's attack. The gnoll hits you with a +0 spear.
You die...

.'......+ ..........>..
.#.(.(..#
..###.#..#.#....
.#......#
#####..##.#....#.###
...######
#...#.!.#......#.# ...#
#...#..(####..##.# ...#
#..............#.# ...#
#.#...#.#....#.# ...#
#######†#..##.#......#
...#
......)@g.....#......#
...#
........##..####.....###
####
........##.†##..........
##########..##.#+#......
#.........#....
#.#.##....#....
#####...##....#....
.........#....#....
.......).#....#....


You could see a gnoll.

Vanquished Creatures
  3 gnolls (D:3)
  4 adders
  An ooze (D:1)
  A worm (D:2)
  3 leopard geckos
  An orc (D:3)
  6 bats
  5 giant cockroaches
  5 goblins
  8 hobgoblins
  7 jackals
  10 kobolds
  A quokka (D:3)
  3 ball pythons
  2 frilled lizards
  5 rats
65 creatures vanquished.

Notes
Turn   | Place    | Note
-------+----------+-------------------------------------------
     0 | D:1      | A7mans1 the Demonspawn Fighter began the quest for the Orb.
     0 | D:1      | Reached XP level 1. HP: 18/18 MP: 1/1
   117 | D:1      | Gained mutation: You have a pair of small antennae on your
                  | head. [demonic ancestry]
   117 | D:1      | Reached XP level 2. HP: 21/24 MP: 2/2
   493 | D:2      | Reached XP level 3. HP: 17/29 MP: 3/3
   742 | D:2      | Found a bloodstained altar of Trog.
   776 | D:2      | Became a worshipper of Trog the Wrathful
   925 | D:2      | Gained mutation: You are partially covered in large bone
                  | plates. (SH +4) [demonic ancestry]
   925 | D:2      | Reached XP level 4. HP: 35/35 MP: 4/4
  1319 | D:3      | Reached * piety under Trog
  1334 | D:3      | Reached skill level 4 in Fighting
  1334 | D:3      | Gained mutation: You are partially covered in sharp spines.
                  | [demonic ancestry]
  1334 | D:3      | Reached XP level 5. HP: 7/42 MP: 5/5
  1337 | D:3      | Slain by a gnoll

Levels and vault maps discovered:
D:1:      dpeg_arrival_windows_large_door, layout_basic
D:2:      layout_basic, trog_hazing_becter
D:3:      layout_basic

Skill      XL: |  1  2  3  4 |
---------------+-------------+-----
Long Blades    | 2 3 |  3.3
Shields        | 3 |  3.1
Armour         | 3 |  3.1
Fighting       | 4 |  4.0
Dodging        | |  0.3

Action                   |  1- 3 |  4- 6 || total
-------------------------+-------+-------++-------
Melee: Long sword        |   147 |    73 ||   220
Invok: Berserk           |       |     1 ||     1
  Use: Scroll            |     5 |     2 ||     7
       Potion            |     3 |       ||     3
  Eat: Ration            |       |     1 ||     1
Armor: Scale mail        |    71 |    34 ||   105
Dodge: Dodged            |    54 |    13 ||    67
Block: Shield            |    79 |    82 ||   161
       Rpst.: Long sword |    18 |     5 ||    23
